 Dungeon Crawl Stone Soup version 0.18.1-47-g9310371 (webtiles) character file.

39 Peloso the Skirmisher (level 3, -1/33 HPs)
             Began as a Minotaur Fighter on June 19, 2016.
             Succumbed to Crazy Yiuf's poison
             ... on level 2 of the Dungeon.
             The game lasted 00:03:28 (1348 turns).

Peloso the Skirmisher (Minotaur Fighter)            Turns: 1348, Time: 00:03:28

Health: -1/33      AC:  7    Str: 20    XL:     3   Next: 26%
Magic:  2/2        EV:  7    Int:  5    God:
Gold:   65         SH:  9    Dex: 10    Spells: 0 memorised, 2 levels left

rFire  . . .     SeeInvis .     a - +0 long sword
rCold  . . .     Gourm    .     b - +0 scale mail
rNeg   . . .     Faith    .     c - +0 shield
rPois  .         Spirit   .     (helmet restricted)
rElec  .         Dismiss  .     (no cloak)
rCorr  .         Reflect  .     (no gloves)
SustAt .         Harm     .     (no boots)
MR     .....                    q - amulet of rage
Stlth  ..........               (no ring)
                                (no ring)

@: lethally poisoned (-1 -> -15), slowed, very slow, not resistant to hostile
enchantments, extremely unstealthy
A: retaliatory headbutt, horns 2
a: Evoke Berserk Rage


You were on level 2 of the Dungeon.
You were hungry.

You visited 1 branch of the dungeon, and saw 2 of its levels.

You collected 65 gold pieces.

Inventory:

Hand Weapons
 a - a +0 long sword (weapon)
Armour
 b - a +0 scale mail (worn)
 c - a +0 shield (worn)
Jewellery
 q - an amulet of rage (around neck)
Scrolls
 k - a scroll of remove curse {unknown}
 l - a scroll of immolation {unknown}
 m - a scroll of fear {unknown}
Potions
 d - 2 potions of might
 e - 2 potions of invisibility {unknown}
 g - 2 potions of heal wounds {unknown}
 h - 2 potions of haste {unknown}
 i - a potion of agility {unknown}
 j - 2 potions of curing {unknown}
 o - a potion of lignification {unknown}
Comestibles
 f - 3 bread rations
 n - 2 meat rations
 p - 2 fruits


   Skills:
 + Level 4.2 Fighting
 + Level 2.8 Long Blades
 + Level 4.1 Armour
 + Level 0.9 Dodging
 + Level 4.0 Shields


You had 2 spell levels left.
You didn't know any spells.

Dungeon Overview and Level Annotations

Branches:
Dungeon (2/15)

Altars:
Dithmenos
Nemelex Xobeh
Trog

Annotations:
D:2 Crazy Yiuf


Innate Abilities, Weirdness & Mutations

You reflexively headbutt those who attack you in melee.
You have a pair of horns on your head.


Message History

Crazy Yiuf sings, "Trees, trees, trees, circus!"
Crazy Yiuf hits you with a quarterstaff of chaos.
You are electrocuted!
You hit Crazy Yiuf.
Crazy Yiuf is almost dead.
You block Crazy Yiuf's attack.
Crazy Yiuf hits you with a quarterstaff of chaos!
* * * LOW HITPOINT WARNING * * *
You are lethally poisoned!
You closely miss Crazy Yiuf.
Crazy Yiuf is almost dead.
* * * LOW HITPOINT WARNING * * *
You feel sick.
Crazy Yiuf hits you with a quarterstaff of chaos.
* * * LOW HITPOINT WARNING * * *
You feel yourself slow down.
You hit Crazy Yiuf but do no damage.
Crazy Yiuf is almost dead.
You are feeling hungry.
You die...

# # ##### # #)..# #
#...# # ... # #g# #
#@## # ##.#
############ #.##
#.....#...## ##.#
##.........# ##.##
#........... ##P..#
#........... #PP.P#
#.......รท...
#....# ##..........
##..####..........#


You could see Crazy Yiuf.

Vanquished Creatures
  A worm (D:2)
  A giant gecko (D:1)
  A ball python (D:2)
  3 bats (D:2)
  3 giant cockroaches (D:2)
  2 goblins
  9 hobgoblins
  6 kobolds
  A giant newt (D:1)
  3 rats (D:2)
30 creatures vanquished.

Notes
Turn   | Place    | Note
--------------------------------------------------------------
     0 | D:1      | Peloso the Minotaur Fighter began the quest for the Orb.
     0 | D:1      | Reached XP level 1. HP: 19/19 MP: 0/0
   270 | D:1      | Reached XP level 2. HP: 14/27 MP: 1/1
   575 | D:1      | You fall through a shaft!
   593 | D:2      | Found a bloodstained altar of Trog.
   679 | D:2      | Found a sparkling altar of Nemelex Xobeh.
   748 | D:2      | Reached XP level 3. HP: 26/33 MP: 2/2
  1283 | D:2      | Found a shadowy altar of Dithmenos.
  1339 | D:2      | Noticed Crazy Yiuf
  1348 | D:2      | Succumbed to Crazy Yiuf's poison

Skill      XL: |  1  2  3 |
---------------+----------+-----
Armour         | 4 |  4.1
Fighting       | 4 |  4.2
Shields        | 4 |  4.0
Long Blades    | |  2.8
Dodging        | |  0.9

Action                   || total
-------------------------++-------
Melee: Long sword        ||    86
       Headbutt          ||    11
  Eat: Chunk             ||     1
Armor: Scale mail        ||    41
Dodge: Dodged            ||    34
Block: Shield            ||    50
